| TOP OF THE 1ST |
|
San Diego (APP) Padres batting - Pitching for Helena Brewers : LHP Nolan Stefanski
|
|
Pitching: LHP Nolan Stefanski
|
|
|
Batting: SHB Yutaro Takahashi
|
0-0: Called Strike 0-1: Ball 1-1: Called Strike 1-2: Strikes out swinging
|
|
Batting: LHB Phil Lerner
|
0-0: Called Strike 0-1: Fly out, F7 (Flyball, 78M, EV 89.4 MPH)
|
|
Batting: RHB Wally Cangro
|
0-0: Ball 1-0: Ball 2-0: Ball 3-0: Called Strike 3-1: Called Strike 3-2: Foul Ball, location: 2F 3-2: Ground out U3 (Groundball, 34, EV 85.0 MPH)
|
| Top of the 1st over - 0 runs, 0 hits, 0 errors, 0 left on base; San Diego (APP) 0 - Helena 0 |
| BOTTOM OF THE 1ST |
|
Helena Brewers batting - Pitching for San Diego (APP) Padres : RHP Rogelio Nunez
|
|
Pitching: RHP Rogelio Nunez
|
|
|
Batting: RHB Nick Cummings
|
0-0: Called Strike 0-1: Ball 1-1: Ball 2-1: Ball 3-1: Base on Balls
|
|
Batting: SHB Mike Williams
|
0-0: Swinging Strike 0-1: Called Strike Nick Cummings steals 2nd base 0-2: Ball 1-2: Foul Ball, location: 2F 1-2: Ball 2-2: Fly out, F8 (Flyball, 8LD, EV 88.8 MPH)
|
|
Batting: LHB Gabe Harvey
|
0-0: Fly out, F8 (Flyball, 78D, EV 93.1 MPH) Runner from 2nd tags up, SAFE at 3rd with throw by CF
|
|
Batting: SHB Robert Sayer
|
0-0: Ball 1-0: Called Strike 1-1: Swinging Strike 1-2: DOUBLE (Line Drive, 7LS, EV 98.8 MPH) Nick Cummings scores
|
|
Batting: RHB Josh Nelson
|
0-0: Swinging Strike 0-1: Foul Ball, location: 2F 0-2: DOUBLE (Flyball, 9LD, EV 105.0 MPH) Robert Sayer scores
|
|
Batting: LHB Pablo Cardona
|
0-0: Swinging Strike 0-1: 2-RUN HOME RUN (Flyball, 9D, EV 96.3 MPH), Distance : 362 ft
|
|
Batting: RHB Ben Taylor
|
0-0: Ball 1-0: Ground out U3 (Groundball, 3D, EV 96.3 MPH)
|
| Bottom of the 1st over - 4 runs, 3 hits, 0 errors, 0 left on base; San Diego (APP) 0 - Helena 4 |
| TOP OF THE 2ND |
|
San Diego (APP) Padres batting - Pitching for Helena Brewers : LHP Nolan Stefanski
|
|
Batting: RHB Freddie Brown
|
0-0: Swinging Strike 0-1: Ball 1-1: Foul Ball, location: 2F 1-2: Strikes out swinging
|
|
Batting: LHB Sammy Roddenberry
|
0-0: Called Strike 0-1: Swinging Strike 0-2: Ball 1-2: Strikes out swinging
|
|
Batting: RHB Max Stillo
|
0-0: Ball 1-0: Fly out, F9 (Line Drive, 9, EV 97.5 MPH)
|
| Top of the 2nd over - 0 runs, 0 hits, 0 errors, 0 left on base; San Diego (APP) 0 - Helena 4 |
| BOTTOM OF THE 2ND |
|
Helena Brewers batting - Pitching for San Diego (APP) Padres : RHP Rogelio Nunez
|
|
Batting: LHB Umar Matoub
|
0-0: Called Strike 0-1: Ground out 1-3 (Groundball, 15S, EV 66.3 MPH)
|
|
Batting: RHB Dustin Hartman
|
0-0: Called Strike 0-1: Ball 1-1: Foul Ball, location: 2F 1-2: SINGLE (Groundball, 56D, EV 108.1 MPH)
|
|
Batting: RHB Nick Cummings
|
0-0: Fielders Choice at 2nd, 5-4 (Groundball, 56, EV 101.9 MPH)
|
|
Batting: SHB Mike Williams
|
0-0: Called Strike 0-1: Ball 1-1: Ball Nick Cummings steals 2nd base (no throw) 2-1: Fly out, F8 (Flyball, 8RM, EV 81.3 MPH)
|
| Bottom of the 2nd over - 0 runs, 1 hit, 0 errors, 1 left on base; San Diego (APP) 0 - Helena 4 |
| TOP OF THE 3RD |
|
San Diego (APP) Padres batting - Pitching for Helena Brewers : LHP Nolan Stefanski
|
|
Batting: RHB Tyler West
|
0-0: SINGLE (Groundball, 56D, EV 105.0 MPH)
|
|
Batting: RHB Brent Little
|
0-0: Called Strike 0-1: Foul Ball, location: 2F 0-2: Ball 1-2: Fielders Choice at 2nd, 4-6 (Groundball, 4, EV 105.6 MPH)
|
|
Batting: RHB Justin Blount
|
0-0: Called Strike 0-1: Ball 1-1: Called Strike 1-2: Strikes out swinging
|
|
Batting: SHB Yutaro Takahashi
|
0-0: Ball 1-0: Ball 2-0: Ball 3-0: Base on Balls Brent Little to second
|
|
Batting: LHB Phil Lerner
|
0-0: Ball 1-0: Ball 2-0: Ball 3-0: Called Strike 3-1: Called Strike 3-2: Strikes out swinging
|
| Top of the 3rd over - 0 runs, 1 hit, 0 errors, 2 left on base; San Diego (APP) 0 - Helena 4 |
| BOTTOM OF THE 3RD |
|
Helena Brewers batting - Pitching for San Diego (APP) Padres : RHP Rogelio Nunez
|
|
Batting: LHB Gabe Harvey
|
0-0: Foul Ball, location: 2F 0-1: Ball 1-1: Swinging Strike 1-2: Foul Ball, location: 2F 1-2: Ball 2-2: Foul Ball, location: 2F 2-2: Ball 3-2: Strikes out swinging
|
|
Batting: SHB Robert Sayer
|
0-0: Ball 1-0: Ball 2-0: Foul Ball, location: 2F 2-1: Called Strike 2-2: Ball 3-2: Foul Ball, location: 2F 3-2: Base on Balls
|
|
Batting: RHB Josh Nelson
|
0-0: Called Strike 0-1: Ball 1-1: Swinging Strike 1-2: Strikes out swinging
|
|
Batting: LHB Pablo Cardona
|
0-0: Ball 1-0: Foul Ball, location: 2F 1-1: Ball 2-1: Ball 3-1: Base on Balls Robert Sayer to second
|
|
Batting: RHB Ben Taylor
|
0-0: Called Strike 0-1: Ball 1-1: SINGLE (Groundball, 34D, EV 93.8 MPH) Robert Sayer to third Pablo Cardona to second Runner from 3rd tries for Home, SAFE, throw by RF to home
|
|
Pitching: LHP Kenny Cohn
|
|
|
Batting: LHB Umar Matoub
|
0-0: Ball 1-0: Swinging Strike 1-1: Ball 2-1: Ball 3-1: Foul Ball, location: 2F 3-2: Ground out 4-3 (Groundball, 4, EV 101.3 MPH)
|
| Bottom of the 3rd over - 1 run, 1 hit, 0 errors, 2 left on base; San Diego (APP) 0 - Helena 5 |
| TOP OF THE 4TH |
|
San Diego (APP) Padres batting - Pitching for Helena Brewers : LHP Nolan Stefanski
|
|
Batting: RHB Wally Cangro
|
0-0: Called Strike 0-1: Swinging Strike 0-2: Ball 1-2: DOUBLE (Flyball, 89D, EV 101.9 MPH)
|
|
Batting: RHB Freddie Brown
|
0-0: Ball 1-0: Ball 2-0: Ball 3-0: Base on Balls
|
|
Batting: LHB Sammy Roddenberry
|
0-0: Ball 1-0: Called Strike 1-1: Ball 2-1: Ball 3-1: Fielders Choice at 2nd, 4-6 (Groundball, 4M, EV 78.8 MPH) Wally Cangro to third
|
|
Batting: RHB Max Stillo
|
0-0: Ball Sammy Roddenberry steals 2nd, throwing error, E2 Wally Cangro scores Sammy Roddenberry to third 1-0: Ground out 6-3 (Groundball, 6, EV 105.6 MPH) Sammy Roddenberry scores
|
|
Batting: RHB Tyler West
|
0-0: Ball 1-0: Ball 2-0: Ground out 5-3 (Groundball, 56, EV 103.8 MPH)
|
| Top of the 4th over - 2 runs, 1 hit, 1 error, 0 left on base; San Diego (APP) 2 - Helena 5 |
| BOTTOM OF THE 4TH |
|
Helena Brewers batting - Pitching for San Diego (APP) Padres : LHP Kenny Cohn
|
|
Batting: RHB Dustin Hartman
|
0-0: Swinging Strike 0-1: Fly out, F9 (Flyball, 9LM, EV 93.8 MPH)
|
|
Batting: RHB Nick Cummings
|
0-0: Foul Ball, location: 2F 0-1: Foul Ball, location: 2F 0-2: Ball 1-2: Ball 2-2: Foul Ball, location: 2F 2-2: Ball 3-2: Fly out, F4 (Popup, 4D, EV 51.3 MPH)
|
|
Batting: SHB Mike Williams
|
0-0: Ball 1-0: Ball 2-0: SINGLE (Groundball, 56D, EV 101.3 MPH)
|
|
Batting: LHB Gabe Harvey
|
0-0: Ball 1-0: Ball 2-0: Foul Ball, location: 2F 2-1: SINGLE (Line Drive, 7LS, EV 108.1 MPH) Mike Williams to second
|
|
Batting: SHB Robert Sayer
|
0-0: Foul Ball, location: 2F 0-1: Ground out 4-3 (Groundball, 4S, EV 85.6 MPH)
|
| Bottom of the 4th over - 0 runs, 2 hits, 0 errors, 2 left on base; San Diego (APP) 2 - Helena 5 |
| TOP OF THE 5TH |
|
San Diego (APP) Padres batting - Pitching for Helena Brewers : LHP Nolan Stefanski
|
|
Batting: RHB Brent Little
|
0-0: Ball 1-0: Ball 2-0: Foul Ball, location: 2F 2-1: Ground out 4-3 (Groundball, 4MD, EV 104.4 MPH)
|
|
Batting: RHB Justin Blount
|
0-0: Called Strike 0-1: Fly out, F5 (Line Drive, 5, EV 71.9 MPH)
|
|
Batting: SHB Yutaro Takahashi
|
0-0: Foul Ball, location: 2F 0-1: Foul Ball, location: 2F 0-2: Fly out, F7 (Flyball, 7, EV 90.0 MPH)
|
| Top of the 5th over - 0 runs, 0 hits, 0 errors, 0 left on base; San Diego (APP) 2 - Helena 5 |
| BOTTOM OF THE 5TH |
|
Helena Brewers batting - Pitching for San Diego (APP) Padres : LHP Kenny Cohn
|
|
Batting: RHB Josh Nelson
|
0-0: Called Strike 0-1: Foul Ball, location: 2F 0-2: Ball 1-2: Foul Ball, location: 2F 1-2: Ball 2-2: Strikes out looking
|
|
Batting: LHB Pablo Cardona
|
0-0: Ball 1-0: Ball 2-0: Ball 3-0: Base on Balls
|
|
Batting: RHB Ben Taylor
|
0-0: Ball Wild Pitch! Pablo Cardona to second 1-0: Called Strike 1-1: Called Strike 1-2: Foul Ball, location: 2F 1-2: Strikes out swinging
|
|
Batting: LHB Umar Matoub
|
0-0: Called Strike 0-1: Ball Wild Pitch! Pablo Cardona to third 1-1: Called Strike 1-2: Ball 2-2: Foul Ball, location: 2F 2-2: Foul Ball, location: 2F 2-2: Ball 3-2: Base on Balls
|
|
Batting: RHB Dustin Hartman
|
0-0: Ground out 1-3 (Groundball, 13, EV 69.4 MPH)
|
| Bottom of the 5th over - 0 runs, 0 hits, 0 errors, 2 left on base; San Diego (APP) 2 - Helena 5 |
| TOP OF THE 6TH |
|
San Diego (APP) Padres batting - Pitching for Helena Brewers : LHP Nolan Stefanski
|
|
Batting: LHB Phil Lerner
|
0-0: Ball 1-0: Swinging Strike 1-1: Ball 2-1: Ball 3-1: Base on Balls
|
|
Batting: RHB Wally Cangro
|
0-0: Ball 1-0: Ball Phil Lerner steals 2nd base 2-0: Ball 3-0: Base on Balls
|
|
Pitching: RHP Dustin Pryor
|
|
|
Batting: RHB Freddie Brown
|
0-0: Ball 1-0: Foul Ball, location: 2F 1-1: Ball 2-1: Fly out, F6 (Popup, P, EV 72.5 MPH)
|
|
Batting: LHB Sammy Roddenberry
|
0-0: Fielders Choice at 2nd, 6-4 (Groundball, 6, EV 94.4 MPH) Phil Lerner to third
|
|
Pinch Hitting: LHB Carlos Cuellar
|
0-0: Foul Ball, location: 2F 0-1: Ball 1-1: Called Strike 1-2: Fly out, F7 (Flyball, 78S, EV 95.0 MPH)
|
| Top of the 6th over - 0 runs, 0 hits, 0 errors, 2 left on base; San Diego (APP) 2 - Helena 5 |
| BOTTOM OF THE 6TH |
|
Helena Brewers batting - Pitching for San Diego (APP) Padres : LHP Kenny Cohn
|
|
Pitching: RHP Brian McDaniel
|
|
|
Now at 3B: Ramon Padilla
|
|
|
Batting: RHB Nick Cummings
|
0-0: Foul Ball, location: 2F 0-1: Ball 1-1: Fly out, F8 (Line Drive, 8LD, EV 97.5 MPH)
|
|
Batting: SHB Mike Williams
|
0-0: Swinging Strike 0-1: Ball 1-1: Swinging Strike 1-2: Strikes out swinging
|
|
Batting: LHB Gabe Harvey
|
0-0: Ball 1-0: Ball 2-0: Called Strike 2-1: Ball 3-1: Ground out 4-3 (Groundball, 4S, EV 88.1 MPH)
|
| Bottom of the 6th over - 0 runs, 0 hits, 0 errors, 0 left on base; San Diego (APP) 2 - Helena 5 |
| TOP OF THE 7TH |
|
San Diego (APP) Padres batting - Pitching for Helena Brewers : RHP Dustin Pryor
|
|
Batting: RHB Tyler West
|
0-0: Ground out 2-3 (Groundball, 15S, EV 73.8 MPH)
|
|
Batting: RHB Brent Little
|
0-0: Called Strike 0-1: Ball 1-1: Ball 2-1: Ball 3-1: Ground out 6-3 (Groundball, 6, EV 82.5 MPH)
|
|
Batting: RHB Justin Blount
|
0-0: Ball 1-0: Ground out 5-3 (Groundball, 5L, EV 110.0 MPH)
|
| Top of the 7th over - 0 runs, 0 hits, 0 errors, 0 left on base; San Diego (APP) 2 - Helena 5 |
| BOTTOM OF THE 7TH |
|
Helena Brewers batting - Pitching for San Diego (APP) Padres : RHP Brian McDaniel
|
|
Batting: SHB Robert Sayer
|
0-0: Called Strike 0-1: Ball 1-1: Ground out U3 (Groundball, 34S, EV 73.1 MPH)
|
|
Batting: RHB Josh Nelson
|
0-0: Ball 1-0: Foul Ball, location: 2F 1-1: Ball 2-1: Ball 3-1: Foul Ball, location: 2F 3-2: Base on Balls
|
|
Batting: LHB Pablo Cardona
|
0-0: Called Strike 0-1: Ball 1-1: Ball 2-1: Foul Ball, location: 2F 2-2: Strikes out looking
|
|
Batting: RHB Ben Taylor
|
0-0: Called Strike 0-1: Ground out U3 (Groundball, 34S, EV 86.9 MPH)
|
| Bottom of the 7th over - 0 runs, 0 hits, 0 errors, 1 left on base; San Diego (APP) 2 - Helena 5 |
| TOP OF THE 8TH |
|
San Diego (APP) Padres batting - Pitching for Helena Brewers : RHP Dustin Pryor
|
|
Pitching: RHP Brian Heimerman
|
|
|
Batting: SHB Yutaro Takahashi
|
0-0: Ball 1-0: Foul Ball, location: 2F 1-1: Ball 2-1: Swinging Strike 2-2: Strikes out swinging
|
|
Batting: LHB Phil Lerner
|
0-0: Ball 1-0: Foul Ball, location: 2F 1-1: Ball 2-1: Ball 3-1: Foul Ball, location: 2F 3-2: Fly out, F9 (Flyball, 89S, EV 90.0 MPH)
|
|
Batting: RHB Wally Cangro
|
0-0: Ball 1-0: Swinging Strike 1-1: Ground out 6-3 (Groundball, 6S, EV 91.3 MPH)
|
| Top of the 8th over - 0 runs, 0 hits, 0 errors, 0 left on base; San Diego (APP) 2 - Helena 5 |
| BOTTOM OF THE 8TH |
|
Helena Brewers batting - Pitching for San Diego (APP) Padres : RHP Brian McDaniel
|
|
Pitching: RHP Scott Gillis
|
|
|
Batting: LHB Umar Matoub
|
0-0: Ball 1-0: Ball 2-0: Fly out, F9 (Flyball, 9LM, EV 91.3 MPH)
|
|
Batting: RHB Dustin Hartman
|
0-0: SINGLE (Groundball, 3D, EV 103.8 MPH)
|
|
Batting: RHB Nick Cummings
|
0-0: Ball 1-0: Ball 2-0: Called Strike 2-1: Fielders Choice at 2nd, 5-4 (Groundball, 56, EV 110.6 MPH)
|
|
Batting: SHB Mike Williams
|
0-0: Called Strike 0-1: Ball Nick Cummings is caught stealing 2nd base 2-6
|
| Bottom of the 8th over - 0 runs, 1 hit, 0 errors, 0 left on base; San Diego (APP) 2 - Helena 5 |
| TOP OF THE 9TH |
|
San Diego (APP) Padres batting - Pitching for Helena Brewers : RHP Brian Heimerman
|
|
Pitching: RHP Allen Gans
|
|
|
Batting: RHB Freddie Brown
|
0-0: Foul Ball, location: 2F 0-1: Swinging Strike 0-2: Ball 1-2: Strikes out swinging
|
|
Batting: LHB Sammy Roddenberry
|
0-0: Swinging Strike 0-1: Foul Ball, location: 2F 0-2: Foul Ball, location: 2F 0-2: Foul Ball, location: 2F 0-2: Ground out 3-1 (Groundball, 34, EV 102.5 MPH)
|
|
Batting: LHB Ramon Padilla
|
0-0: Ball 1-0: Foul Ball, location: 2F 1-1: Foul Ball, location: 2F 1-2: Ball 2-2: Ball 3-2: Base on Balls
|
|
Batting: RHB Tyler West
|
0-0: Ball 1-0: Foul Ball, location: 2F 1-1: Ball 2-1: SINGLE (Groundball, 56D, EV 103.1 MPH) Ramon Padilla to second
|
|
Batting: RHB Brent Little
|
0-0: SINGLE (Line Drive, 9S, EV 99.4 MPH) Ramon Padilla to third Tyler West to second
|
|
Pinch Hitting: LHB Hugo MacBeth
|
0-0: SINGLE (Line Drive, 78S, EV 93.8 MPH) Ramon Padilla scores Tyler West to third Brent Little to second
|
|
Batting: SHB Yutaro Takahashi
|
0-0: Foul Ball, location: 2F 0-1: Ball 1-1: Ball 2-1: Foul Ball, location: 2F 2-2: Strikes out swinging
|
| Top of the 9th over - 1 run, 3 hits, 0 errors, 3 left on base; San Diego (APP) 3 - Helena 5 |
|